 Dungeon Crawl Stone Soup version 0.28.0-1-gb440e238dd (webtiles) character file.

Game seed: 16465096049763163615

45 spaghetti the Sneak (level 3, 0/26 HPs)
             Began as an Octopode Delver on Feb 20, 2022.
             Succumbed to a scorpion's poison
             ... on level 5 of the Dungeon.
             The game lasted 00:00:29 (209 turns).

spaghetti the Sneak (Octopode Delver)                Turns: 209, Time: 00:00:30

Health: 0/26       AC:  1    Str: 13    XL:     3   Next: 64%
Magic:  3/3        EV: 13    Int: 12    God:
Gold:   3          SH:  0    Dex: 13    Spells: 2/2 levels left

rFire   . . .      SeeInvis .   a - +0 hand axe
rCold   . . .      Faith    .   (no shield)
rNeg    . . .      Spirit   .   (helmet restricted)
rPois   .          Reflect  .   (no amulet)
rElec   .          Harm     .   (no ring)
rCorr   .          Rampage  .   (no ring)
Will    .....                   (no ring)
Stlth   ++++......              (no ring)
HPRegen 0.08/turn               (no ring)
MPRegen 0.08/turn               (no ring)
                                (no ring)
                                (no ring)

@: lethally poisoned (0 -> -3), hasted, very quick
A: almost no armour, amphibious, 8 rings, camouflage 1, gelatinous body 1,
(nimble swimmer 1), tentacles
a: no special abilities


You were on level 5 of the Dungeon.
You visited 1 branch of the dungeon, and saw 2 of its levels.

You collected 3 gold pieces.

Inventory:

Hand Weapons
 a - a +0 hand axe (weapon)
Wands
 f - a wand of digging (3)
Scrolls
 b - a scroll of fog
 c - a scroll of magic mapping
 d - a scroll of fear


   Skills:
 - Level 3.0 Fighting
 + Level 3.9 Axes
 - Level 2.0 Dodging
 - Level 6.6 Stealth


You had 2 spell levels left.
You didn't know any spells.
Your spell library was empty.

Dungeon Overview and Level Annotations

Branches:
Dungeon (6/15)
 Temple: D:4-7

Altars:


Innate Abilities, Weirdness & Mutations

You cannot wear most types of armour.
You are amphibious.
You can wear up to eight rings at the same time.
Your skin changes colour to match your surroundings (Stealth+).
Your rubbery body absorbs attacks. (AC +1, EV +1)
((You are camouflaged when in or above water. (Stealth+)))
You have tentacles for arms and can constrict up to eight enemies at once.


Message History

The ufetubus shouts!
You closely miss the orc. You grab the orc. You constrict the orc.
You hit the orc.
The orc is heavily wounded.
You constrict the orc. The orc closely misses you.
You hit the orc.
You kill the orc!
You hit the ufetubus. Your grab misses the ufetubus.
Your squeeze misses the ufetubus.
The ufetubus is moderately wounded.
The ufetubus barely misses you. The ufetubus hits you.
You closely miss the ufetubus. You grab the ufetubus.
The ufetubus is moderately wounded.
You constrict the ufetubus. The ufetubus barely misses you.
The ufetubus hits you.
A scorpion comes into view.
The ufetubus hits you. x2
You hit the ufetubus. You squeeze the ufetubus.
You kill the ufetubus!
You hit the scorpion. Your grab misses the scorpion.
The scorpion is lightly wounded.
The scorpion barely misses you.
You hit the scorpion but do no damage. Your grab misses the scorpion.
The scorpion is lightly wounded.
The scorpion stings you.
You are poisoned.
The scorpion poisons you!
You hit the scorpion. Your grab misses the scorpion.
The scorpion is moderately wounded.
You feel very sick. The scorpion barely misses you.
The scorpion closely misses you.
You feel yourself speed up.
You feel sick. The scorpion stings you!
* * * LOW HITPOINT WARNING * * *
* * * LOW HITPOINT WARNING * * *
You feel sick.
* * * LOW HITPOINT WARNING * * *
You feel sick.
* * * LOW HITPOINT WARNING * * *
You feel sick.
You die...

#.# #.# #.### #....
##############....
.................. ###
#######...........
...#...s.............
####.#@#.###...........
............+...........
#.###.#..####.......####
...#.>...#...........
..# ##.##.############
.... ... # ( ... ##.## .
## ..# . #.# .


You could see a scorpion.

Vanquished Creatures
  A howler monkey (D:5)
  An ufetubus (D:5)
  An orc (D:5)
3 creatures vanquished.

Notes
Turn   | Place    | Note
-------+----------+-------------------------------------------
     0 | D:5      | spaghetti the Octopode Delver began the quest for the Orb.
     0 | D:5      | Reached XP level 1. HP: 16/16 MP: 1/1
     4 | D:6      | Noticed a howler monkey
    22 | D:5      | Killed a howler monkey
    23 | D:5      | Reached XP level 2. HP: 13/21 MP: 2/2
    23 | D:5      | Reached XP level 3. HP: 16/26 MP: 3/3
   177 | D:5      | Noticed a scorpion
   208 | D:5      | HP: 1/26 [poisoned by a scorpion]
   209 | D:5      | Succumbed to a scorpion's poison

Illustrated notes

Levels and vault maps discovered:
D:5:      lemuel_insect_pit, layout_basic, serial_shops, shop, minmay_circle_x
D:6:      layout_loops_ring, minmay_checkerbox

Skill      XL: |  1 |
---------------+----+-----
Axes           | 3 |  3.9
Fighting       | |  3.0
Dodging        | |  2.0
Stealth        | |  6.6

Action                   || total
-------------------------++-------
Melee: Hand axe          ||    15
       Tentacles         ||     2
       Constrict         ||     2
  Use: Potion            ||     1
Dodge: Dodged            ||    12
